 Dungeon Crawl Stone Soup version 0.28.0 (webtiles) character file.

Game seed: 2430114214275474296

158 Zonian the Chiller (level 5, -3/35 HPs)
             Began as a Demonspawn Ice Elementalist on Feb 19, 2022.
             Killed from afar by an electric eel (16 damage)
             ... with a bolt of electricity
             ... on level 6 of the Dungeon.
             The game lasted 00:06:28 (3129 turns).

Zonian the Chiller (Demonspawn Ice Elementalist)    Turns: 3129, Time: 00:06:29

Health: -3/35      AC:  3    Str:  8    XL:     5   Next: 16%
Magic:  9/9        EV: 12    Int: 18    God:
Gold:   141        SH:  0    Dex: 14    Spells: 5/9 levels left

rFire   . . .      SeeInvis .   i - +1 dagger (freeze)
rCold   + . .      Faith    .   (no shield)
rNeg    . . .      Spirit   .   e - +1 robe {rC+}
rPois   .          Reflect  .   (no helmet)
rElec   .          Harm     .   (no cloak)
rCorr   .          Rampage  .   (no gloves)
Will    .....                   (no boots)
Stlth   ++........              (no amulet)
HPRegen 0.11/turn               (no ring)
MPRegen 0.11/turn               (no ring)

@: flying
A: demonic guardian 1, powered by death 1
a: no special abilities


You were on level 6 of the Dungeon.
You visited 1 branch of the dungeon, and saw 4 of its levels.

You collected 141 gold pieces.

Inventory:

Hand Weapons
 b - a +0 dagger
 i - a +1 dagger of freezing (weapon)
 j - a +0 dagger of venom
Missiles
 c - 47 stones
 d - 2 poisoned darts
 g - 3 boomerangs
Armour
 a - a +0 robe
 e - a +1 robe of cold resistance (worn)
Wands
 h - a wand of digging (6)


   Skills:
 + Level 2.8 Dodging
 + Level 3.1 Stealth
 + Level 2.9 Spellcasting
 + Level 4.2 Ice Magic


You had 5 spell levels left.
You knew the following spells:

 Your Spells              Type           Power      Damage    Failure   Level
a - Freeze                Ice            72%        1d9       2%          1
b - Frozen Ramparts       Ice            36%        1d5       9%          3

Your spell library contained the following spells:

 Spells                   Type           Power      Damage    Failure   Level
 Ozocubu's Armour         Ice            18%        N/A       9%          3
 Hailstorm                Conj/Ice       10%        3d5       56%         4


Dungeon Overview and Level Annotations

Branches:
Dungeon (3/15)

Altars:

Shops:
D:2 =


Innate Abilities, Weirdness & Mutations

A weak demonic guardian rushes to your aid.
You regenerate a little health from kills.


Message History

The centaur zombie kicks you but does no damage.
The centaur zombie barely misses you. The centaur zombie closely misses you.
The centaur zombie barely misses you. The centaur zombie closely misses you.
The centaur zombie closely misses you. The centaur zombie misses you.
Okay, then.
Okay, then.
The centaur zombie barely misses you. The centaur zombie closely misses you.
The centaur zombie hits you.
The centaur zombie kicks you but does no damage.
The centaur zombie hits you.
A demonic guardian appears!
The centaur zombie barely misses you. The centaur zombie closely misses you.
The centaur zombie barely misses you. The centaur zombie closely misses you.
The centaur zombie barely misses you. The centaur zombie closely misses you.
The centaur zombie misses you.
You feel very buoyant.
You fly up into the air.
The centaur zombie misses you.
The centaur zombie kicks you but does no damage.
The ice beast hits your shadow imp. The ice beast freezes your shadow imp.
Your shadow imp resists.
Your shadow imp barely misses the ice beast.
Your shadow imp closely misses the ice beast.
The ice beast hits your shadow imp. The ice beast freezes your shadow imp.
Your shadow imp resists.
The centaur zombie closely misses you. The centaur zombie kicks you.
Something hits your shadow imp.
Your shadow imp dies!
Your shadow imp disappears in a puff of smoke!
Unknown command.
The electric eel shoots out a bolt of lightning at you!
The bolt of electricity hits you!
A demonic guardian appears!
Unknown command.
Found a stone staircase leading up.
The centaur zombie hits you. The centaur zombie kicks you.
Found a hand axe.
The electric eel shoots out a bolt of lightning at you!
The bolt of electricity misses you.
Your iron imp misses the electric eel.
Unknown command.
The electric eel shoots out a bolt of lightning at you!
The bolt of electricity hits you!
You die...

∩?.. .....#..# #.. ....
#######...###############.#
∩.⌠Z
##.)..............Y....#
)...
...............########.
∩.." ......♣..♣....# #.
.##..P≈≈≈≈≈≈≈..# #.
....P≈≈≈≈♣Y≈...# #.
##.♣≈≈≈≈≈≈D5♣≈♣# ##
....≈≈≈@≈≈S.≈.♣
###P≈≈.≈≈Z≈≈≈.......
#.P≈≈.≈≈≈≈≈.......
#.#♣#.....#.#..... #
#####.###...<. #... .....
####. .... ...


You could see a steam dragon, an ice beast, an electric eel (ally target), a
centaur zombie and a friendly iron imp (summoned).

Vanquished Creatures
  A bullfrog (D:6)
  A hound (D:6)
  3 adders (D:2)
  A dart slug (D:1)
  An orc (D:6)
  3 endoplasms
  A giant cockroach (D:1)
  2 goblins
  3 hobgoblins
  2 jackals (D:1)
  5 kobolds (D:2)
  A quokka (D:1)
  4 ball pythons
  4 bats
  A frilled lizard (D:1)
  5 rats
38 creatures vanquished.

Vanquished Creatures (collateral kills)
  A rat (D:2)
1 creature vanquished.

Vanquished Creatures (others)
  3 plants (D:6)
3 creatures vanquished.

Grand Total: 42 creatures vanquished

Notes
Turn   | Place    | Note
-------+----------+-------------------------------------------
     0 | D:1      | Zonian the Demonspawn Ice Elementalist began the quest for
                  | the Orb.
     0 | D:1      | Reached XP level 1. HP: 13/13 MP: 3/3
   697 | D:1      | Gained mutation: A weak demonic guardian rushes to your
                  | aid. [demonic ancestry]
   697 | D:1      | Reached XP level 2. HP: 19/19 MP: 3/5
   944 | D:1      | Found a faded altar of an unknown god.
  1286 | D:2      | Gained mutation: You regenerate a little health from kills.
                  | [demonic ancestry]
  1286 | D:2      | Reached XP level 3. HP: 23/24 MP: 4/6
  1309 | D:2      | Learned a level 3 spell: Frozen Ramparts
  1872 | D:2      | Reached skill level 4 in Ice Magic
  2029 | D:2      | Found Gifi's Jewellery Emporium.
  2269 | D:3      | Noticed an ogre
  2335 | D:3      | You fall into a shaft and drop 3 floors!
  2350 | D:6      | Noticed a bullfrog
  2431 | D:6      | Killed a bullfrog
  2432 | D:6      | Reached XP level 4. HP: 8/30 MP: 0/8
  2768 | D:6      | Reached XP level 5. HP: 35/35 MP: 9/9
  3032 | D:6      | Noticed a steam dragon
  3081 | D:6      | Noticed an ice beast
  3129 | D:6      | Killed from afar by an electric eel

Illustrated notes

Levels and vault maps discovered:
D:1:      dpeg_arrival_erosion, layout_basic, basic_ecumenical_altar,
          minmay_misc_feat_alley
D:2:      layout_basic, serial_shops, nicolae_lakefront_shop
D:3:      layout_loops_corners, nicolae_sif_muna_condensation,
          nrook_mini_backslash, uniq_sigmund
D:6:      layout_rooms, minmay_temple_entry_statues_pillars,
          roderic_malta_cross, serial_bayou_pond_b, nicolae_shop_clearance

Skill      XL: |  1  2  3 |
---------------+----------+-----
Stealth        | 2 3 |  3.1
Dodging        | 2 |  2.8
Ice Magic      | 4 |  4.2
Spellcasting   | |  2.9

Action                   |  1- 3 |  4- 6 || total
-------------------------+-------+-------++-------
Melee: Dagger            |    49 |     5 ||    54
 Cast: Freeze            |    40 |       ||    40
  Use: Scroll            |     2 |       ||     2
       Potion            |     1 |     1 ||     2
 Stab: Sleeping          |     9 |       ||     9
Armor: Robe              |    24 |     6 ||    30
Dodge: Dodged            |    60 |    23 ||    83
